Map: Orbital Shipyard

Players

EnDerr - Winner!

  • Race: Zerg Zerg

Fullmetal

  • Race: Terran Terran
  • League: Grandmaster

VOD

Have the link to the VOD?

Description

Time

  • Played on: Nov. 18, 2015, 3:56 a.m.
  • Length: 6:41
Show
View Real Time Build Order
Export as new Build Order

EnDerr Zerg - Winner!

Build Orders: Hatch First, Roach Nydus 

Get SALT Encoding   

  12  0:01  Drone  
  13  0:08  Drone  
  14  0:17  Overlord  
  14  0:25  Extractor  
  14  0:26  Drone  
  15  0:36  Drone x2  
  17  0:53  Hatchery  
  16  0:57  Drone  
  16  0:59  Drone  
  18  1:06  Extractor  
  17  1:15  Spawning Pool  
  16  1:21  Drone x2  
  18  1:32  Drone  
  19  1:38  Overlord  
  19  2:02  Zergling x4  
  19  2:03  Queen  
  19  2:07  Queen  
  26  2:08  Drone  
  26  2:11  Metabolic Boost  
  26  2:14  Zergling x2  
  27  2:17  Drone  
  29  2:22  Drone  
  29  2:31  Drone  
  29  2:33  Drone  
  31  2:39  Queen  
  31  2:42  Overlord  
  31  2:44  Drone  
  34  2:49  Drone  
  35  2:54  Drone  
  36  3:03  Drone  
  36  3:06  Drone  
  36  3:12  Drone  
  38  3:13  Drone x2  
  38  3:14  Drone  
  41  3:21  Hatchery  
  41  3:23  Drone  
  41  3:24  Drone  
  41  3:25  Drone x2  
  44  3:32  Overlord  
  43  3:43  Drone  
  43  3:48  Roach Warren  
  43  3:49  Extractor  
  43  3:52  Zergling x6  
  46  3:55  Drone x2  
  46  3:56  Drone x5  
  46  4:00  Lair  
  52  4:07  Queen, Extractor  
  52  4:08  Extractor  
  53  4:13  Overlord  
  53  4:14  Overlord  
  54  4:17  Overlord  
  54  4:32  Roach x4  
  54  4:33  Roach x2  
  54  4:37  Queen  
  69  4:38  Drone x3  
  69  4:39  Drone  
  69  4:45  Drone  
  73  4:49  Drone, Extractor  
  73  4:56  Drone x3  
  76  5:11  Queen  
  76  5:12  Nydus Network  
  77  5:15  Queen  
  77  5:18  Drone x3  
  77  5:20  Overlord  
  77  5:21  Overlord x4  
  79  5:49  Nydus Canal, Roach  
  76  5:50  Roach x7  
  76  5:54  Queen  
  76  5:55  Queen  
  94  5:57  Roach x2  
  94  6:02  Overlord x2  
  94  6:04  Roach x2, Extractor  
  102  6:06  Roach  
  101  6:16  Roach x3  
  111  6:38  Evolution Chamber  
Show
View Real Time Build Order
Export as new Build Order

Fullmetal Terran 

Build Orders: Liberator Opening, Reaper Expand 

Get SALT Encoding   

  12  0:01  SCV  
  13  0:13  SCV  
  14  0:18  Supply Depot  
  14  0:25  SCV  
  15  0:40  SCV, Barracks  
  16  0:48  Refinery  
  16  0:52  SCV  
  17  1:04  SCV  
  18  1:19  SCV  
  19  1:32  Orbital Command  
  19  1:34  Reaper  
  20  1:43  Command Center  
  20  1:58  Supply Depot  
  20  1:59  SCV  
  21  2:07  Barracks Reactor  
  21  2:11  SCV  
  22  2:23  SCV  
  22  2:24  Refinery  
  22  2:28  Factory  
  23  2:37  SCV  
  24  2:44  Marine x2  
  26  2:52  SCV  
  26  2:57  Orbital Command  
  27  3:11  SCV  
  26  3:17  Starport  
  25  3:22  SCV  
  25  3:27  Barracks Reactor, Hellion x2  
  30  3:37  SCV  
  30  3:38  SCV  
  32  3:48  Hellion x2  
  36  3:49  SCV  
  36  3:51  Liberator x2  
  36  3:53  SCV  
  38  3:57  Supply Depot  
  38  4:01  SCV  
  39  4:05  SCV  
  46  4:13  Supply Depot  
  46  4:19  SCV x2, Hellion x2  
  46  4:20  Barracks Tech Lab  
  52  4:28  Supply Depot  
  53  4:31  SCV  
  53  4:35  SCV  
  54  4:38  Marine  
  54  4:39  Stimpack  
  54  4:43  SCV  
  54  4:44  Refinery  
  56  4:47  SCV  
  56  4:48  Liberator  
  57  4:54  Barracks  
  57  4:55  SCV, Barracks  
  57  4:58  Supply Depot, Factory Reactor  
  58  5:16  SCV x2  
  58  5:21  Supply Depot  
  60  5:24  Command Center, Refinery  
  60  5:28  SCV  
  60  5:35  SCV  
  62  5:41  Marauder  
  59  5:48  SCV  
  59  5:49  SCV  
  50  5:56  Marine x2  
  52  5:58  Factory Tech Lab  
  52  5:59  Bunker  
  52  6:00  SCV, Bunker, Marine x2  
  52  6:01  SCV  
  52  6:02  Bunker  
  52  6:03  Supply Depot  
  58  6:13  SCV  
  58  6:17  Marine x2  
  58  6:18  SCV  
  50  6:20  Marauder  
  50  6:22  Marine x2  
  50  6:25  SCV  
Tags
 
Add a new tag
Caveats
  • Supply blocks, unpowered buildings, or Contaminate may cause inaccurate times.
  • Supply counts are checked every 10 seconds.